[ AOE2 MATCH · #471523613 ]
Team RMLithuanians vs Tupi
[ REPLAY ANALYSIS · EXTRACTED FROM THE RECORDED GAME ]
Feudal
11:22
Castle
15:29
Imperial
33:51
| APM avg | 25.2 |
| APM peak | 109 |
| eAPM avg | 15.7 |
| Villagers / military | 112 / 165 |
Focus
⚔️ 41.6% · 🌾 58.4%
Leitis ×155 · Trade Cart ×16 · Monk ×7 · Trebuchet (Packed) ×3
Feudal
18:12
Castle
35:40
Imperial
48:27
| APM avg | 14.2 |
| APM peak | 29 |
| eAPM avg | 10.5 |
| Villagers / military | 81 / 19 |
Focus
⚔️ 33.5% · 🌾 66.5%
Unknown (2579) ×32 · Petard ×13 · Trade Cart ×10 · Unknown (2550) ×9 · Scorpion ×6
Feudal
19:22
Castle
27:55
Imperial
44:03
| APM avg | 23.5 |
| APM peak | 66 |
| eAPM avg | 14.4 |
| Villagers / military | 135 / 202 |
Focus
⚔️ 44.0% · 🌾 56.0%
Scout Cavalry ×198 · Mangonel ×3 · Scorpion ×1
Feudal
—
Castle
—
Imperial
—
| APM avg | 36.7 |
| APM peak | 71 |
| eAPM avg | 24.6 |
| Villagers / military | 108 / 216 |
Focus
⚔️ 26.4% · 🌾 73.6%
Mameluke ×102 · Skirmisher ×38 · Spearman ×34 · Archer ×26 · Trade Cart ×25 · Bombard Cannon ×9
Feudal
15:05
Castle
19:00
Imperial
34:16
| APM avg | 21.3 |
| APM peak | 50 |
| eAPM avg | 17.4 |
| Villagers / military | 151 / 92 |
Focus
⚔️ 35.9% · 🌾 64.1%
Trade Cart ×82 · Genoese Crossbowman ×54 · Bombard Cannon ×21 · Mangonel ×14 · Trebuchet (Packed) ×3
Feudal
14:20
Castle
23:26
Imperial
32:44
| APM avg | 19.5 |
| APM peak | 60 |
| eAPM avg | 12.4 |
| Villagers / military | 145 / 312 |
Focus
⚔️ 34.0% · 🌾 66.0%
Plumed Archer ×175 · Archer ×75 · Scorpion ×28 · Skirmisher ×25 · Trade Cart ×18 · Monk ×3
Feudal
18:04
Castle
29:05
Imperial
36:51
| APM avg | 26.2 |
| APM peak | 82 |
| eAPM avg | 20.5 |
| Villagers / military | 104 / 313 |
Focus
⚔️ 47.7% · 🌾 52.3%
Fire Lancer ×220 · Chu Ko Nu ×56 · Trade Cart ×52 · Skirmisher ×21 · Militia ×11 · Trebuchet (Packed) ×4
Feudal
28:14
Castle
32:39
Imperial
45:40
| APM avg | 32.0 |
| APM peak | 105 |
| eAPM avg | 25.6 |
| Villagers / military | 114 / 42 |
Focus
⚔️ 5.5% · 🌾 94.5%
Steppe Lancer ×31 · Scorpion ×8 · Mangonel ×3
Match map
Initial resources + every placement click. Lines = walls · curves = elevation contours. ◆ gold · ⬟ stone · ● berries · ✦ relic · ◌ wall gap
Your base· Open — opponent sealed themselves in
Caesar's base· ✓ Closed at 35:40 · 94t walls · 3 gate(s)
爱打游戏的御坂美琴's base· Open — opponent sealed themselves in
DJoseLuis96's base· ✓ Closed at 14:40 · 0t walls · no gate
别炸我600分的兄弟了。's base· Open — opponent sealed themselves in
JoelReagan's base· ✓ Closed at 23:26 · 21t walls · 2 gate(s)
杨梓激二蚕蛹's base· Open — opponent sealed themselves in
Hauhk91's base· ✓ Closed at 32:39 · 25t walls · no gate
Smoothed initial terrain · ◌ = detected wall gap · hover for details
Inputs per minute
— 只会种田别打我 - - Caesar
Build order — 只会种田别打我
First 150 of 489 actions detected
| 0:03 | Build | House |
| 0:05 | Build | House |
| 0:07 | Create | Villager (Male) |
| 0:07 | Create | Villager (Male) |
| 0:07 | Create | Villager (Male) |
| 0:07 | Create | Villager (Male) |
| 0:07 | Create | Villager (Male) |
| 0:08 | Create | Villager (Male) |
| 0:08 | Create | Villager (Male) |
| 0:08 | Create | Villager (Male) |
| 0:30 | Build | House |
| 0:38 | Build | House |
| 1:01 | Research | Loom |
| 1:51 | Build | Lumber Camp |
| 2:09 | Create | Villager (Male) |
| 2:09 | Create | Villager (Male) |
| 2:09 | Create | Villager (Male) |
| 2:45 | Create | Villager (Male) |
| 3:07 | Create | Villager (Male) |
| 3:08 | Create | Villager (Male) |
| 4:31 | Create | Villager (Male) |
| 4:31 | Create | Villager (Male) |
| 4:31 | Create | Villager (Male) |
| 4:32 | Create | Villager (Male) |
| 4:32 | Create | Villager (Male) |
| 4:32 | Create | Villager (Male) |
| 4:53 | Create | Villager (Male) |
| 4:53 | Create | Villager (Male) |
| 4:54 | Create | Villager (Male) |
| 6:24 | Create | Villager (Male) |
| 6:24 | Create | Villager (Male) |
| 6:25 | Create | Villager (Male) |
| 6:48 | Create | Villager (Male) |
| 8:34 | Build | Mill |
| 8:47 | Create | Villager (Male) |
| 9:05 | Research | Feudal Age |
| 9:05 | Research | Feudal Age |
| 9:06 | Research | Feudal Age |
| 9:32 | Build | Mining Camp |
| 11:22 | Age | Feudal Age |
| 11:25 | Build | Market |
| 11:28 | Build | Blacksmith |
| 11:52 | Build | Mill |
| 12:49 | Research | Castle Age |
| 12:49 | Research | Castle Age |
| 12:49 | Research | Castle Age |
| 13:23 | Build | House |
| 13:28 | Build | House |
| 13:29 | Create | Villager (Male) |
| 13:29 | Create | Villager (Male) |
| 14:20 | Research | Double-Bit Axe |
| 14:24 | Create | Villager (Male) |
| 15:29 | Age | Castle Age |
| 15:33 | Build | Town Center |
| 15:39 | Build | Town Center |
| 15:50 | Research | Bow Saw |
| 15:55 | Build | House |
| 15:57 | Create | Villager (Male) |
| 15:57 | Create | Villager (Male) |
| 16:22 | Build | Farm |
| 16:32 | Build | House |
| 16:33 | Build | House |
| 16:49 | Build | Monastery |
| 17:06 | Create | Villager (Male) |
| 17:07 | Create | Villager (Male) |
| 17:24 | Create | Villager (Male) |
| 17:24 | Create | Villager (Male) |
| 17:26 | Create | Monk |
| 17:26 | Create | Monk |
| 17:32 | Build | Farm |
| 17:33 | Build | Farm |
| 17:35 | Build | Farm |
| 17:36 | Build | Farm |
| 17:37 | Build | Farm |
| 17:58 | Create | Villager (Male) |
| 17:59 | Create | Villager (Male) |
| 18:02 | Create | Villager (Male) |
| 18:02 | Create | Villager (Male) |
| 18:22 | Create | Villager (Male) |
| 18:22 | Create | Villager (Male) |
| 18:39 | Build | Farm |
| 18:45 | Build | Farm |
| 18:50 | Create | Villager (Male) |
| 18:55 | Build | Farm |
| 18:59 | Build | Farm |
| 19:30 | Build | Market |
| 19:34 | Create | Villager (Male) |
| 19:34 | Create | Villager (Male) |
| 19:48 | Create | Villager (Male) |
| 19:53 | Build | Farm |
| 20:16 | Build | Farm |
| 20:17 | Build | Farm |
| 20:24 | Create | Villager (Male) |
| 20:28 | Build | Farm |
| 20:29 | Build | Farm |
| 20:44 | Create | Villager (Male) |
| 20:45 | Create | Villager (Male) |
| 21:06 | Build | Monastery |
| 21:08 | Create | Villager (Male) |
| 21:15 | Create | Villager (Male) |
| 21:17 | Build | Farm |
| 21:45 | Create | Villager (Male) |
| 21:45 | Create | Villager (Male) |
| 21:52 | Build | Farm |
| 21:56 | Create | Villager (Male) |
| 22:14 | Build | University |
| 22:19 | Create | Villager (Male) |
| 22:35 | Build | House |
| 22:35 | Build | House |
| 22:35 | Build | House |
| 22:36 | Build | House |
| 22:36 | Build | House |
| 22:49 | Build | Farm |
| 23:02 | Create | Villager (Male) |
| 23:02 | Create | Villager (Male) |
| 23:03 | Create | Villager (Male) |
| 23:03 | Create | Villager (Male) |
| 23:03 | Create | Villager (Male) |
| 23:03 | Create | Villager (Male) |
| 23:03 | Create | Villager (Male) |
| 23:04 | Create | Villager (Male) |
| 23:11 | Create | Villager (Male) |
| 23:11 | Create | Villager (Male) |
| 23:12 | Create | Villager (Male) |
| 23:12 | Create | Villager (Male) |
| 23:33 | Build | Farm |
| 23:39 | Create | Monk |
| 23:52 | Build | Lumber Camp |
| 24:18 | Create | Villager (Male) |
| 24:20 | Research | Wheelbarrow |
| 24:22 | Create | Villager (Male) |
| 24:31 | Build | Farm |
| 24:42 | Build | Farm |
| 24:44 | Create | Villager (Male) |
| 24:44 | Create | Villager (Male) |
| 24:46 | Create | Villager (Male) |
| 24:46 | Create | Villager (Male) |
| 24:48 | Create | Villager (Male) |
| 24:48 | Create | Villager (Male) |
| 25:08 | Build | House |
| 25:09 | Build | House |
| 25:09 | Build | House |
| 25:09 | Build | House |
| 25:10 | Build | House |
| 25:10 | Build | House |
| 25:10 | Build | House |
| 25:10 | Build | House |
| 25:11 | Build | House |
| 25:29 | Create | Villager (Male) |
| 25:29 | Create | Villager (Male) |
Build order — Caesar
First 150 of 277 actions detected
| 0:08 | Build | House |
| 0:10 | Create | Villager (Male) |
| 0:11 | Research | Loom |
| 0:12 | Create | Villager (Male) |
| 0:13 | Create | Villager (Male) |
| 0:13 | Create | Villager (Male) |
| 0:13 | Create | Villager (Male) |
| 1:40 | Create | Villager (Male) |
| 2:16 | Build | Outpost |
| 2:22 | Create | Villager (Male) |
| 2:49 | Build | Outpost |
| 2:55 | Create | Villager (Male) |
| 2:55 | Create | Villager (Male) |
| 3:20 | Build | House |
| 3:51 | Build | House |
| 3:56 | Build | House |
| 3:59 | Build | House |
| 4:27 | Build | Outpost |
| 5:06 | Build | Palisade Wall |
| 5:41 | Create | Villager (Male) |
| 5:41 | Create | Villager (Male) |
| 5:41 | Create | Villager (Male) |
| 6:13 | Build | Outpost |
| 6:55 | Build | Outpost |
| 6:57 | Build | Outpost |
| 7:06 | Create | Villager (Male) |
| 8:05 | Create | Villager (Male) |
| 8:05 | Create | Villager (Male) |
| 8:06 | Create | Villager (Male) |
| 8:56 | Create | Villager (Male) |
| 8:56 | Create | Villager (Male) |
| 9:40 | Create | Villager (Male) |
| 10:17 | Build | Settlement |
| 10:23 | Create | Villager (Male) |
| 10:24 | Create | Villager (Male) |
| 10:24 | Create | Villager (Male) |
| 11:15 | Create | Villager (Male) |
| 11:15 | Create | Villager (Male) |
| 11:15 | Create | Villager (Male) |
| 11:43 | Build | Settlement |
| 12:20 | Build | Palisade Wall |
| 13:21 | Build | Settlement |
| 14:05 | Build | Palisade Wall |
| 16:02 | Research | Feudal Age |
| 16:21 | Build | Palisade Wall |
| 16:28 | Build | Palisade Wall |
| 17:25 | Build | Settlement |
| 18:12 | Age | Feudal Age |
| 18:23 | Build | Stone Wall |
| 18:31 | Research | Horse Collar |
| 18:33 | Research | Double-Bit Axe |
| 18:35 | Create | Villager (Male) |
| 18:35 | Create | Villager (Male) |
| 18:36 | Create | Villager (Male) |
| 18:36 | Create | Villager (Male) |
| 18:36 | Create | Villager (Male) |
| 18:36 | Create | Villager (Male) |
| 18:36 | Create | Villager (Male) |
| 18:37 | Create | Villager (Male) |
| 18:37 | Create | Villager (Male) |
| 19:06 | Build | Barracks |
| 19:49 | Build | Farm |
| 19:54 | Build | Farm |
| 20:06 | Build | Barracks |
| 20:15 | Research | Tech 1402 |
| 20:21 | Build | Farm |
| 20:23 | Build | Farm |
| 20:26 | Build | Farm |
| 20:29 | Build | Farm |
| 20:58 | Build | Watch Tower |
| 21:08 | Build | Farm |
| 21:14 | Create | Villager (Male) |
| 21:14 | Create | Villager (Male) |
| 21:14 | Create | Villager (Male) |
| 21:14 | Create | Villager (Male) |
| 21:15 | Create | Villager (Male) |
| 21:22 | Create | Unit 2550 |
| 21:22 | Create | Unit 2550 |
| 21:22 | Create | Unit 2550 |
| 23:42 | Create | Unit 2550 |
| 23:42 | Create | Unit 2550 |
| 23:42 | Create | Unit 2550 |
| 23:42 | Create | Unit 2550 |
| 23:42 | Create | Unit 2550 |
| 23:43 | Create | Unit 2550 |
| 24:25 | Create | Villager (Male) |
| 24:25 | Create | Villager (Male) |
| 24:59 | Build | Settlement |
| 26:24 | Create | Villager (Male) |
| 26:24 | Create | Villager (Male) |
| 26:24 | Create | Villager (Male) |
| 26:25 | Create | Villager (Male) |
| 26:25 | Create | Villager (Male) |
| 26:39 | Build | House |
| 26:42 | Build | House |
| 26:44 | Build | House |
| 27:19 | Build | Blacksmith |
| 27:26 | Build | Market |
| 27:32 | Create | Villager (Male) |
| 27:32 | Create | Villager (Male) |
| 27:32 | Create | Villager (Male) |
| 27:39 | Build | Settlement |
| 27:56 | Build | Farm |
| 27:59 | Build | Farm |
| 28:12 | Create | Trade Cart |
| 28:38 | Build | Stone Wall |
| 28:44 | Build | Gate |
| 29:02 | Build | Gate |
| 29:12 | Create | Villager (Male) |
| 29:12 | Create | Villager (Male) |
| 29:12 | Create | Villager (Male) |
| 29:28 | Build | Farm |
| 29:55 | Build | Farm |
| 30:27 | Build | Archery Range |
| 30:35 | Build | Farm |
| 30:50 | Build | Outpost |
| 30:55 | Build | Outpost |
| 31:08 | Build | Farm |
| 31:14 | Build | House |
| 31:16 | Build | House |
| 31:19 | Build | House |
| 31:49 | Build | Outpost |
| 31:52 | Build | Outpost |
| 32:07 | Build | Farm |
| 32:36 | Build | Stone Wall |
| 32:39 | Build | Gate |
| 32:54 | Build | House |
| 32:57 | Build | House |
| 33:00 | Research | Castle Age |
| 33:03 | Build | House |
| 33:06 | Build | House |
| 34:06 | Research | Stone Mining |
| 34:09 | Research | Gold Mining |
| 34:39 | Build | House |
| 34:42 | Build | House |
| 35:23 | Create | Trade Cart |
| 35:23 | Create | Trade Cart |
| 35:24 | Create | Trade Cart |
| 35:24 | Create | Trade Cart |
| 35:24 | Create | Trade Cart |
| 35:24 | Create | Trade Cart |
| 35:24 | Create | Trade Cart |
| 35:25 | Create | Trade Cart |
| 35:25 | Create | Trade Cart |
| 35:40 | Age | Castle Age |
| 35:47 | Research | Heavy Plow |
| 35:51 | Create | Villager (Male) |
| 35:52 | Create | Villager (Male) |
| 35:52 | Create | Villager (Male) |
| 35:52 | Create | Villager (Male) |
Build order — 爱打游戏的御坂美琴
First 150 of 483 actions detected
| 0:07 | Research | Loom |
| 0:08 | Create | Villager (Male) |
| 0:08 | Create | Villager (Male) |
| 0:09 | Create | Villager (Male) |
| 0:09 | Create | Villager (Male) |
| 0:12 | Build | House |
| 2:01 | Build | House |
| 3:13 | Build | Palisade Wall |
| 4:03 | Build | Palisade Wall |
| 4:58 | Build | Palisade Wall |
| 5:27 | Build | House |
| 6:56 | Create | Villager (Male) |
| 6:56 | Create | Villager (Male) |
| 8:14 | Create | Villager (Male) |
| 8:14 | Create | Villager (Male) |
| 8:15 | Create | Villager (Male) |
| 8:48 | Create | Villager (Male) |
| 8:48 | Create | Villager (Male) |
| 8:48 | Create | Villager (Male) |
| 9:07 | Build | Mill |
| 9:49 | Create | Villager (Male) |
| 9:49 | Create | Villager (Male) |
| 9:49 | Create | Villager (Male) |
| 10:22 | Create | Villager (Male) |
| 10:23 | Create | Villager (Male) |
| 11:14 | Create | Villager (Male) |
| 11:14 | Create | Villager (Male) |
| 11:15 | Create | Villager (Male) |
| 11:15 | Create | Villager (Male) |
| 12:03 | Create | Villager (Male) |
| 12:04 | Create | Villager (Male) |
| 12:32 | Build | Lumber Camp |
| 12:42 | Create | Villager (Male) |
| 12:42 | Create | Villager (Male) |
| 13:07 | Create | Villager (Male) |
| 13:08 | Create | Villager (Male) |
| 13:41 | Create | Villager (Male) |
| 13:59 | Create | Villager (Male) |
| 14:56 | Create | Villager (Male) |
| 14:57 | Create | Villager (Male) |
| 15:10 | Build | House |
| 15:12 | Build | House |
| 15:16 | Create | Villager (Male) |
| 16:07 | Build | Mining Camp |
| 16:47 | Create | Villager (Male) |
| 16:59 | Research | Feudal Age |
| 17:00 | Research | Feudal Age |
| 17:17 | Build | Mill |
| 18:02 | Create | Villager (Male) |
| 18:02 | Create | Villager (Male) |
| 18:03 | Create | Villager (Male) |
| 18:45 | Build | Barracks |
| 19:22 | Age | Feudal Age |
| 19:25 | Create | Villager (Male) |
| 19:25 | Create | Villager (Male) |
| 19:25 | Create | Villager (Male) |
| 19:25 | Create | Villager (Male) |
| 19:26 | Create | Villager (Male) |
| 19:26 | Create | Villager (Male) |
| 19:26 | Create | Villager (Male) |
| 19:27 | Create | Villager (Male) |
| 19:34 | Research | Double-Bit Axe |
| 19:36 | Research | Horse Collar |
| 19:37 | Create | Villager (Male) |
| 19:38 | Create | Villager (Male) |
| 19:38 | Create | Villager (Male) |
| 19:56 | Build | Mining Camp |
| 20:10 | Build | Farm |
| 20:22 | Build | Stable |
| 20:35 | Build | Market |
| 20:44 | Build | Farm |
| 21:30 | Build | Blacksmith |
| 21:50 | Create | Villager (Male) |
| 21:50 | Create | Villager (Male) |
| 21:50 | Create | Villager (Male) |
| 21:50 | Create | Villager (Male) |
| 21:51 | Create | Villager (Male) |
| 22:08 | Build | Farm |
| 22:15 | Build | Farm |
| 22:20 | Build | Farm |
| 22:26 | Build | House |
| 22:28 | Build | House |
| 22:54 | Build | Farm |
| 22:56 | Build | Farm |
| 23:09 | Build | Farm |
| 23:28 | Build | House |
| 23:31 | Build | House |
| 23:33 | Build | House |
| 23:52 | Create | Villager (Male) |
| 23:53 | Create | Villager (Male) |
| 24:06 | Build | Farm |
| 24:06 | Build | Farm |
| 24:07 | Build | Farm |
| 24:08 | Build | Farm |
| 25:03 | Build | House |
| 25:15 | Research | Castle Age |
| 25:42 | Build | Farm |
| 25:42 | Build | Farm |
| 25:43 | Build | Farm |
| 25:44 | Build | Farm |
| 25:56 | Build | House |
| 25:58 | Build | House |
| 26:34 | Research | Scale Barding Armor |
| 26:45 | Build | Farm |
| 26:50 | Build | Farm |
| 27:04 | Research | Wheelbarrow |
| 27:15 | Build | House |
| 27:17 | Build | House |
| 27:37 | Create | Villager (Male) |
| 27:55 | Age | Castle Age |
| 28:17 | Build | Town Center |
| 28:24 | Research | Heavy Plow |
| 28:48 | Research | Wheelbarrow |
| 28:49 | Create | Villager (Male) |
| 28:49 | Create | Villager (Male) |
| 28:49 | Create | Villager (Male) |
| 28:49 | Create | Villager (Male) |
| 28:50 | Create | Villager (Male) |
| 28:54 | Research | Light Cavalry (upgrade) |
| 28:56 | Research | Husbandry |
| 29:18 | Create | Villager (Male) |
| 29:18 | Create | Villager (Male) |
| 29:18 | Create | Villager (Male) |
| 29:18 | Create | Villager (Male) |
| 29:19 | Create | Villager (Male) |
| 29:19 | Create | Villager (Male) |
| 29:19 | Create | Villager (Male) |
| 29:59 | Build | Town Center |
| 30:26 | Create | Villager (Male) |
| 30:26 | Create | Villager (Male) |
| 30:28 | Research | Bow Saw |
| 30:39 | Research | Bloodlines |
| 30:46 | Create | Villager (Male) |
| 30:47 | Create | Villager (Male) |
| 30:48 | Create | Villager (Male) |
| 30:48 | Create | Villager (Male) |
| 31:03 | Create | Villager (Male) |
| 31:04 | Create | Villager (Male) |
| 31:07 | Create | Villager (Male) |
| 31:07 | Create | Villager (Male) |
| 31:07 | Create | Villager (Male) |
| 31:48 | Build | Siege Workshop |
| 31:53 | Create | Villager (Male) |
| 31:53 | Create | Villager (Male) |
| 31:55 | Create | Villager (Male) |
| 31:56 | Create | Villager (Male) |
| 32:10 | Create | Villager (Male) |
| 32:13 | Create | Villager (Male) |
| 32:42 | Build | University |
| 32:55 | Create | Villager (Male) |
Build order — DJoseLuis96
First 150 of 506 actions detected
| 0:04 | Create | Villager (Male) |
| 0:04 | Create | Villager (Male) |
| 0:04 | Create | Villager (Male) |
| 0:04 | Create | Villager (Male) |
| 0:07 | Build | House |
| 0:09 | Build | House |
| 0:12 | Build | House |
| 1:43 | Create | Villager (Male) |
| 1:43 | Create | Villager (Male) |
| 2:25 | Create | Villager (Male) |
| 2:26 | Create | Villager (Male) |
| 2:31 | Create | Villager (Male) |
| 3:05 | Create | Villager (Male) |
| 3:05 | Create | Villager (Male) |
| 3:31 | Create | Villager (Male) |
| 4:04 | Create | Villager (Male) |
| 4:05 | Create | Villager (Male) |
| 4:31 | Create | Villager (Male) |
| 4:31 | Create | Villager (Male) |
| 4:32 | Create | Villager (Male) |
| 4:53 | Build | Lumber Camp |
| 5:47 | Create | Villager (Male) |
| 5:47 | Create | Villager (Male) |
| 6:07 | Create | Villager (Male) |
| 6:20 | Create | Villager (Male) |
| 6:42 | Build | Mill |
| 8:10 | Create | Villager (Male) |
| 8:15 | Research | Feudal Age |
| 8:28 | Build | Farm |
| 8:30 | Build | Farm |
| 8:33 | Build | Farm |
| 8:36 | Build | Farm |
| 8:46 | Build | House |
| 8:48 | Build | House |
| 8:55 | Create | Villager (Male) |
| 8:58 | Create | Villager (Male) |
| 9:22 | Build | House |
| 10:00 | Build | Farm |
| 10:06 | Build | House |
| 10:27 | Research | Double-Bit Axe |
| 10:28 | Research | Horse Collar |
| 10:30 | Create | Villager (Male) |
| 10:56 | Build | Farm |
| 11:10 | Build | Mining Camp |
| 11:17 | Build | Mining Camp |
| 11:23 | Create | Villager (Male) |
| 11:24 | Create | Villager (Male) |
| 11:51 | Create | Villager (Male) |
| 12:05 | Build | Market |
| 12:15 | Create | Villager (Male) |
| 13:37 | Build | Blacksmith |
| 14:19 | Build | Mining Camp |
| 14:23 | Build | House |
| 14:24 | Build | House |
| 14:40 | Research | Castle Age |
| 15:08 | Build | House |
| 15:40 | Create | Villager (Male) |
| 15:43 | Create | Villager (Male) |
| 16:05 | Research | Stone Mining |
| 16:35 | Build | Farm |
| 17:02 | Create | Villager (Male) |
| 17:32 | Build | Town Center |
| 17:42 | Research | Bow Saw |
| 17:49 | Build | Farm |
| 17:56 | Build | Town Center |
| 18:11 | Create | Villager (Male) |
| 18:40 | Research | Loom |
| 19:12 | Build | Farm |
| 19:13 | Create | Villager (Male) |
| 19:15 | Create | Villager (Male) |
| 19:16 | Create | Villager (Male) |
| 19:31 | Create | Villager (Male) |
| 19:33 | Create | Villager (Male) |
| 19:49 | Build | Farm |
| 19:52 | Create | Villager (Male) |
| 19:57 | Build | Farm |
| 20:13 | Build | Castle |
| 20:18 | Build | Farm |
| 20:21 | Create | Villager (Male) |
| 20:22 | Create | Villager (Male) |
| 20:29 | Build | Farm |
| 20:33 | Build | Farm |
| 20:40 | Create | Villager (Male) |
| 20:43 | Create | Villager (Male) |
| 20:54 | Build | Farm |
| 20:57 | Create | Villager (Male) |
| 21:17 | Build | Farm |
| 21:23 | Create | Mameluke |
| 21:28 | Build | Farm |
| 21:30 | Create | Villager (Male) |
| 21:32 | Create | Villager (Male) |
| 21:40 | Create | Villager (Male) |
| 21:56 | Create | Mameluke |
| 21:59 | Build | Farm |
| 22:05 | Build | Farm |
| 22:07 | Create | Villager (Male) |
| 22:36 | Create | Villager (Male) |
| 22:50 | Create | Mameluke |
| 22:52 | Create | Mameluke |
| 23:16 | Research | Forging |
| 23:17 | Research | Scale Barding Armor |
| 23:35 | Create | Mameluke |
| 23:40 | Create | Villager (Male) |
| 23:42 | Create | Villager (Male) |
| 23:46 | Create | Villager (Male) |
| 23:46 | Create | Villager (Male) |
| 24:06 | Create | Trade Cart |
| 24:10 | Build | Farm |
| 24:12 | Create | Villager (Male) |
| 24:14 | Create | Villager (Male) |
| 24:16 | Create | Villager (Male) |
| 24:19 | Build | Farm |
| 24:22 | Create | Mameluke |
| 24:30 | Build | Farm |
| 24:55 | Build | Siege Workshop |
| 25:00 | Build | Farm |
| 25:02 | Create | Villager (Male) |
| 25:03 | Create | Villager (Male) |
| 25:04 | Create | Villager (Male) |
| 25:07 | Create | Villager (Male) |
| 25:09 | Create | Villager (Male) |
| 25:10 | Create | Villager (Male) |
| 25:18 | Build | Farm |
| 25:28 | Create | Villager (Male) |
| 25:29 | Create | Villager (Male) |
| 25:31 | Create | Villager (Male) |
| 25:34 | Build | Farm |
| 25:40 | Build | Farm |
| 25:44 | Create | Villager (Male) |
| 25:45 | Create | Villager (Male) |
| 25:47 | Create | Villager (Male) |
| 26:12 | Build | Barracks |
| 26:16 | Build | Farm |
| 26:17 | Create | Villager (Male) |
| 26:19 | Create | Villager (Male) |
| 26:20 | Create | Villager (Male) |
| 26:23 | Build | Farm |
| 26:26 | Research | Heavy Plow |
| 26:30 | Build | Farm |
| 26:32 | Create | Villager (Male) |
| 26:33 | Create | Villager (Male) |
| 26:34 | Create | Villager (Male) |
| 27:01 | Build | Farm |
| 27:04 | Build | Farm |
| 27:06 | Create | Villager (Male) |
| 27:08 | Create | Villager (Male) |
| 27:11 | Create | Villager (Male) |
| 27:13 | Create | Villager (Male) |
| 27:17 | Build | Farm |
| 27:19 | Create | Villager (Male) |
Build order — 别炸我600分的兄弟了。
First 150 of 492 actions detected
| 0:04 | Build | House |
| 0:05 | Create | Villager (Male) |
| 0:05 | Create | Villager (Male) |
| 0:07 | Build | House |
| 0:08 | Create | Villager (Male) |
| 0:09 | Create | Villager (Male) |
| 0:20 | Build | House |
| 0:23 | Build | House |
| 0:32 | Build | House |
| 0:41 | Build | House |
| 1:37 | Create | Villager (Male) |
| 2:11 | Create | Villager (Male) |
| 2:12 | Create | Villager (Male) |
| 2:40 | Create | Villager (Male) |
| 2:40 | Create | Villager (Male) |
| 3:02 | Create | Villager (Male) |
| 3:12 | Create | Villager (Male) |
| 3:13 | Create | Villager (Male) |
| 3:13 | Create | Villager (Male) |
| 3:47 | Create | Villager (Male) |
| 4:08 | Create | Villager (Male) |
| 4:08 | Create | Villager (Male) |
| 4:08 | Create | Villager (Male) |
| 4:34 | Create | Villager (Male) |
| 4:34 | Create | Villager (Male) |
| 5:04 | Create | Villager (Male) |
| 5:04 | Create | Villager (Male) |
| 5:05 | Create | Villager (Male) |
| 5:28 | Create | Villager (Male) |
| 5:28 | Create | Villager (Male) |
| 5:29 | Create | Villager (Male) |
| 6:00 | Create | Villager (Male) |
| 6:06 | Create | Villager (Male) |
| 6:06 | Create | Villager (Male) |
| 6:43 | Create | Villager (Male) |
| 6:44 | Create | Villager (Male) |
| 7:09 | Build | Mill |
| 7:10 | Create | Villager (Male) |
| 7:11 | Create | Villager (Male) |
| 7:34 | Build | Mining Camp |
| 7:43 | Research | Loom |
| 7:48 | Build | House |
| 7:51 | Build | House |
| 7:59 | Build | House |
| 8:20 | Create | Villager (Male) |
| 8:20 | Create | Villager (Male) |
| 8:20 | Create | Villager (Male) |
| 8:21 | Create | Villager (Male) |
| 8:21 | Create | Villager (Male) |
| 8:21 | Create | Villager (Male) |
| 8:22 | Create | Villager (Male) |
| 8:22 | Create | Villager (Male) |
| 8:54 | Create | Villager (Male) |
| 8:54 | Create | Villager (Male) |
| 9:02 | Build | Lumber Camp |
| 9:08 | Build | Mill |
| 9:11 | Create | Villager (Male) |
| 9:37 | Create | Villager (Male) |
| 9:37 | Create | Villager (Male) |
| 9:51 | Create | Villager (Male) |
| 9:52 | Create | Villager (Male) |
| 9:52 | Create | Villager (Male) |
| 10:21 | Create | Villager (Male) |
| 10:21 | Create | Villager (Male) |
| 10:38 | Create | Villager (Male) |
| 11:10 | Create | Villager (Male) |
| 11:10 | Create | Villager (Male) |
| 11:27 | Create | Villager (Male) |
| 11:28 | Create | Villager (Male) |
| 12:02 | Build | Palisade Wall |
| 12:04 | Create | Villager (Male) |
| 12:33 | Create | Villager (Male) |
| 12:43 | Research | Feudal Age |
| 13:36 | Create | Villager (Male) |
| 13:40 | Build | Farm |
| 14:10 | Build | Farm |
| 14:11 | Build | Farm |
| 14:14 | Build | Farm |
| 14:16 | Build | Farm |
| 14:21 | Build | Farm |
| 14:22 | Build | Farm |
| 14:23 | Build | Farm |
| 14:27 | Build | Farm |
| 14:30 | Create | Villager (Male) |
| 15:05 | Age | Feudal Age |
| 15:24 | Build | Market |
| 15:29 | Build | Blacksmith |
| 15:43 | Build | Farm |
| 15:53 | Create | Villager (Male) |
| 16:15 | Build | House |
| 16:17 | Research | Castle Age |
| 16:28 | Build | House |
| 16:30 | Build | House |
| 16:31 | Build | House |
| 16:44 | Build | Farm |
| 17:06 | Build | Lumber Camp |
| 17:17 | Build | Lumber Camp |
| 17:21 | Build | Farm |
| 17:24 | Build | Farm |
| 19:00 | Age | Castle Age |
| 19:04 | Create | Villager (Male) |
| 19:04 | Create | Villager (Male) |
| 19:04 | Create | Villager (Male) |
| 19:05 | Create | Villager (Male) |
| 19:17 | Build | Town Center |
| 19:26 | Create | Villager (Male) |
| 19:37 | Create | Villager (Male) |
| 19:43 | Build | Farm |
| 19:45 | Build | Farm |
| 19:48 | Build | Farm |
| 20:09 | Build | Town Center |
| 20:13 | Create | Villager (Male) |
| 20:15 | Create | Villager (Male) |
| 20:20 | Build | Farm |
| 20:22 | Build | Farm |
| 20:23 | Build | Farm |
| 20:26 | Build | Farm |
| 20:26 | Create | Villager (Male) |
| 20:33 | Create | Villager (Male) |
| 21:18 | Research | Wheelbarrow |
| 21:20 | Create | Villager (Male) |
| 21:23 | Research | Double-Bit Axe |
| 21:26 | Research | Gold Mining |
| 21:28 | Research | Stone Mining |
| 21:32 | Research | Gold Mining |
| 21:32 | Research | Gold Mining |
| 21:36 | Research | Horse Collar |
| 21:40 | Create | Villager (Male) |
| 21:40 | Create | Villager (Male) |
| 21:41 | Create | Villager (Male) |
| 22:10 | Build | Farm |
| 22:12 | Build | Farm |
| 22:14 | Create | Villager (Male) |
| 22:15 | Create | Villager (Male) |
| 22:19 | Create | Villager (Male) |
| 22:22 | Create | Villager (Male) |
| 22:53 | Build | Town Center |
| 22:56 | Create | Villager (Male) |
| 23:16 | Create | Villager (Male) |
| 23:17 | Create | Villager (Male) |
| 23:22 | Create | Villager (Male) |
| 23:50 | Build | Town Center |
| 23:54 | Create | Villager (Male) |
| 23:58 | Build | Mining Camp |
| 23:59 | Create | Villager (Male) |
| 24:00 | Create | Villager (Male) |
| 24:00 | Create | Villager (Male) |
| 24:04 | Research | Heavy Plow |
| 24:06 | Research | Stone Shaft Mining |
| 24:09 | Research | Bow Saw |
Build order — JoelReagan
First 150 of 420 actions detected
| 0:06 | Build | House |
| 0:08 | Build | House |
| 0:10 | Build | House |
| 0:11 | Create | Villager (Male) |
| 0:11 | Create | Villager (Male) |
| 0:12 | Create | Villager (Male) |
| 0:12 | Create | Villager (Male) |
| 1:25 | Create | Villager (Male) |
| 1:35 | Research | Loom |
| 2:35 | Create | Villager (Male) |
| 2:35 | Create | Villager (Male) |
| 2:36 | Create | Villager (Male) |
| 3:16 | Create | Villager (Male) |
| 3:41 | Create | Villager (Male) |
| 3:41 | Create | Villager (Male) |
| 4:30 | Create | Villager (Male) |
| 4:30 | Create | Villager (Male) |
| 4:31 | Create | Villager (Male) |
| 4:58 | Create | Villager (Male) |
| 4:58 | Create | Villager (Male) |
| 4:58 | Create | Villager (Male) |
| 5:04 | Create | Villager (Male) |
| 5:04 | Create | Villager (Male) |
| 5:10 | Create | Villager (Male) |
| 5:10 | Create | Villager (Male) |
| 5:11 | Create | Villager (Male) |
| 5:11 | Create | Villager (Male) |
| 5:24 | Build | House |
| 5:25 | Build | House |
| 5:58 | Create | Villager (Male) |
| 5:58 | Create | Villager (Male) |
| 6:15 | Create | Villager (Male) |
| 6:53 | Build | Lumber Camp |
| 7:18 | Create | Villager (Male) |
| 8:59 | Build | Mill |
| 9:32 | Research | Feudal Age |
| 9:38 | Create | Villager (Male) |
| 9:38 | Create | Villager (Male) |
| 9:38 | Create | Villager (Male) |
| 9:39 | Create | Villager (Male) |
| 9:39 | Create | Villager (Male) |
| 9:39 | Create | Villager (Male) |
| 9:40 | Create | Villager (Male) |
| 10:20 | Build | Palisade Wall |
| 10:32 | Build | Mill |
| 10:36 | Build | House |
| 10:38 | Build | House |
| 11:25 | Research | Feudal Age |
| 12:25 | Build | Mill |
| 13:04 | Build | Palisade Wall |
| 13:42 | Build | Palisade Gate |
| 14:20 | Age | Feudal Age |
| 14:21 | Research | Wheelbarrow |
| 14:23 | Research | Horse Collar |
| 14:25 | Research | Double-Bit Axe |
| 14:28 | Create | Villager (Male) |
| 14:29 | Create | Villager (Male) |
| 14:29 | Create | Villager (Male) |
| 14:29 | Create | Villager (Male) |
| 14:30 | Create | Villager (Male) |
| 14:30 | Create | Villager (Male) |
| 14:30 | Create | Villager (Male) |
| 14:51 | Build | House |
| 15:30 | Build | Blacksmith |
| 15:38 | Build | Market |
| 15:56 | Build | Stone Wall |
| 16:13 | Build | Mining Camp |
| 16:41 | Build | Farm |
| 16:42 | Build | Farm |
| 16:43 | Build | Farm |
| 16:44 | Build | Farm |
| 16:45 | Build | Farm |
| 16:46 | Build | Farm |
| 16:47 | Build | Farm |
| 16:49 | Build | Farm |
| 16:50 | Build | Farm |
| 16:52 | Build | Farm |
| 16:53 | Build | Farm |
| 16:54 | Build | Farm |
| 18:16 | Create | Villager (Male) |
| 18:16 | Create | Villager (Male) |
| 18:16 | Create | Villager (Male) |
| 18:17 | Create | Villager (Male) |
| 18:17 | Create | Villager (Male) |
| 18:17 | Create | Villager (Male) |
| 18:46 | Build | Gate |
| 19:00 | Build | Mining Camp |
| 19:05 | Research | Castle Age |
| 19:57 | Research | Gold Mining |
| 19:57 | Research | Stone Mining |
| 20:31 | Build | Farm |
| 20:32 | Build | Farm |
| 20:33 | Build | Farm |
| 20:34 | Build | Farm |
| 20:35 | Build | Farm |
| 20:37 | Build | Farm |
| 20:45 | Build | House |
| 20:46 | Build | House |
| 20:51 | Build | House |
| 20:52 | Build | House |
| 21:54 | Build | House |
| 21:56 | Build | House |
| 21:58 | Build | Mining Camp |
| 22:21 | Research | Fletching |
| 22:21 | Research | Padded Archer Armor |
| 23:04 | Research | Scale Mail Armor |
| 23:05 | Research | Forging |
| 23:26 | Age | Castle Age |
| 23:27 | Research | Hand Cart |
| 23:28 | Research | Bow Saw |
| 23:30 | Research | Heavy Plow |
| 23:35 | Create | Villager (Male) |
| 23:35 | Create | Villager (Male) |
| 23:42 | Build | Town Center |
| 23:51 | Build | Town Center |
| 24:54 | Create | Villager (Male) |
| 24:54 | Create | Villager (Male) |
| 24:54 | Create | Villager (Male) |
| 24:55 | Create | Villager (Male) |
| 24:55 | Create | Villager (Male) |
| 24:57 | Create | Villager (Male) |
| 24:57 | Create | Villager (Male) |
| 24:57 | Create | Villager (Male) |
| 24:58 | Create | Villager (Male) |
| 24:58 | Create | Villager (Male) |
| 24:58 | Create | Villager (Male) |
| 24:58 | Create | Villager (Male) |
| 24:59 | Create | Villager (Male) |
| 24:59 | Create | Villager (Male) |
| 24:59 | Create | Villager (Male) |
| 24:59 | Create | Villager (Male) |
| 25:00 | Create | Villager (Male) |
| 25:00 | Create | Villager (Male) |
| 25:08 | Build | Farm |
| 25:12 | Create | Villager (Male) |
| 25:24 | Build | Farm |
| 25:27 | Create | Villager (Male) |
| 25:27 | Create | Villager (Male) |
| 25:28 | Create | Villager (Male) |
| 25:29 | Create | Villager (Male) |
| 25:29 | Create | Villager (Male) |
| 25:40 | Build | Castle |
| 26:13 | Build | Farm |
| 26:17 | Create | Villager (Male) |
| 26:18 | Create | Villager (Male) |
| 26:18 | Create | Villager (Male) |
| 26:18 | Create | Villager (Male) |
| 26:18 | Create | Villager (Male) |
| 26:34 | Build | Monastery |
| 26:36 | Build | University |
Build order — 杨梓激二蚕蛹
First 150 of 609 actions detected
| 0:14 | Research | Loom |
| 1:44 | Build | Mill |
| 2:56 | Create | Villager (Male) |
| 3:16 | Create | Villager (Male) |
| 3:17 | Create | Villager (Male) |
| 3:49 | Create | Villager (Male) |
| 3:53 | Create | Villager (Male) |
| 5:03 | Create | Villager (Male) |
| 5:03 | Create | Villager (Male) |
| 5:52 | Build | House |
| 5:53 | Build | House |
| 5:55 | Create | Villager (Male) |
| 5:57 | Create | Villager (Male) |
| 6:16 | Create | Villager (Male) |
| 6:48 | Create | Villager (Male) |
| 7:13 | Create | Villager (Male) |
| 7:47 | Create | Villager (Male) |
| 7:52 | Build | Lumber Camp |
| 8:25 | Create | Villager (Male) |
| 8:40 | Create | Villager (Male) |
| 8:44 | Build | House |
| 8:44 | Build | House |
| 8:47 | Build | House |
| 8:48 | Build | House |
| 9:17 | Create | Villager (Male) |
| 9:48 | Build | Barracks |
| 10:21 | Create | Villager (Male) |
| 10:22 | Create | Villager (Male) |
| 10:48 | Build | Mill |
| 10:55 | Build | Mill |
| 11:12 | Create | Villager (Male) |
| 11:13 | Create | Villager (Male) |
| 11:40 | Build | Mining Camp |
| 11:50 | Create | Militia |
| 11:51 | Create | Militia |
| 12:09 | Create | Villager (Male) |
| 12:09 | Create | Villager (Male) |
| 12:10 | Create | Villager (Male) |
| 12:39 | Create | Villager (Male) |
| 12:53 | Build | Mill |
| 13:16 | Create | Villager (Male) |
| 13:19 | Create | Villager (Male) |
| 13:24 | Create | Militia |
| 13:24 | Create | Militia |
| 13:24 | Create | Militia |
| 14:14 | Create | Villager (Male) |
| 14:18 | Create | Villager (Male) |
| 14:38 | Create | Villager (Male) |
| 14:50 | Create | Villager (Male) |
| 14:51 | Build | House |
| 14:53 | Build | House |
| 14:54 | Build | House |
| 15:18 | Create | Villager (Male) |
| 15:36 | Research | Feudal Age |
| 17:01 | Create | Militia |
| 17:01 | Create | Militia |
| 17:02 | Create | Militia |
| 17:03 | Create | Militia |
| 17:34 | Create | Villager (Male) |
| 17:34 | Create | Villager (Male) |
| 18:04 | Age | Feudal Age |
| 18:12 | Research | Man-at-Arms (upgrade) |
| 18:13 | Research | Arson |
| 18:18 | Build | Blacksmith |
| 18:20 | Build | Market |
| 18:38 | Research | Horse Collar |
| 18:39 | Research | Double-Bit Axe |
| 19:00 | Build | Farm |
| 19:03 | Create | Villager (Male) |
| 19:03 | Create | Villager (Male) |
| 19:04 | Create | Villager (Male) |
| 19:24 | Research | Wheelbarrow |
| 19:34 | Build | Farm |
| 19:50 | Build | Lumber Camp |
| 19:54 | Build | Farm |
| 19:55 | Build | Farm |
| 19:56 | Build | Farm |
| 19:57 | Build | Farm |
| 20:04 | Build | Mining Camp |
| 20:56 | Create | Villager (Male) |
| 20:57 | Create | Villager (Male) |
| 20:58 | Create | Villager (Male) |
| 20:58 | Create | Villager (Male) |
| 21:25 | Build | Mining Camp |
| 21:39 | Build | Farm |
| 21:40 | Create | Villager (Male) |
| 21:41 | Build | Farm |
| 21:42 | Build | Farm |
| 21:44 | Build | Farm |
| 21:44 | Build | Farm |
| 21:45 | Build | Farm |
| 21:46 | Build | Farm |
| 21:47 | Build | Farm |
| 21:48 | Build | Farm |
| 21:49 | Build | Farm |
| 21:49 | Build | Farm |
| 21:50 | Create | Villager (Male) |
| 21:51 | Create | Villager (Male) |
| 21:51 | Create | Villager (Male) |
| 21:51 | Create | Villager (Male) |
| 21:52 | Create | Villager (Male) |
| 22:46 | Create | Militia |
| 22:47 | Create | Militia |
| 23:44 | Create | Villager (Male) |
| 24:08 | Create | Villager (Male) |
| 24:12 | Build | House |
| 24:16 | Build | House |
| 24:16 | Build | House |
| 24:19 | Build | House |
| 24:20 | Build | House |
| 24:58 | Build | Market |
| 24:59 | Build | Market |
| 26:25 | Research | Castle Age |
| 26:25 | Research | Castle Age |
| 27:36 | Create | Trade Cart |
| 27:36 | Create | Trade Cart |
| 27:36 | Create | Trade Cart |
| 27:37 | Create | Trade Cart |
| 27:37 | Create | Trade Cart |
| 27:37 | Create | Trade Cart |
| 27:37 | Create | Trade Cart |
| 27:38 | Create | Trade Cart |
| 27:38 | Create | Trade Cart |
| 27:38 | Create | Trade Cart |
| 27:38 | Create | Trade Cart |
| 27:39 | Create | Trade Cart |
| 27:39 | Create | Trade Cart |
| 27:39 | Create | Trade Cart |
| 27:39 | Create | Trade Cart |
| 27:39 | Create | Trade Cart |
| 27:40 | Create | Trade Cart |
| 27:40 | Create | Trade Cart |
| 27:42 | Create | Trade Cart |
| 27:42 | Create | Trade Cart |
| 27:43 | Create | Trade Cart |
| 27:44 | Create | Trade Cart |
| 27:44 | Create | Trade Cart |
| 27:45 | Create | Trade Cart |
| 27:45 | Create | Trade Cart |
| 27:52 | Create | Villager (Male) |
| 27:52 | Create | Villager (Male) |
| 27:52 | Create | Villager (Male) |
| 27:53 | Create | Villager (Male) |
| 28:28 | Build | Barracks |
| 28:30 | Build | Barracks |
| 28:34 | Build | Barracks |
| 29:05 | Age | Castle Age |
| 29:06 | Research | Forging |
| 29:08 | Research | Scale Mail Armor |
| 29:11 | Research | Squires |
Build order — Hauhk91
First 150 of 256 actions detected
| 0:14 | Build | Palisade Wall |
| 0:16 | Create | Villager (Male) |
| 0:16 | Create | Villager (Male) |
| 0:16 | Create | Villager (Male) |
| 0:17 | Create | Villager (Male) |
| 0:17 | Create | Villager (Male) |
| 3:55 | Build | House |
| 7:22 | Create | Villager (Male) |
| 7:22 | Create | Villager (Male) |
| 8:07 | Build | Palisade Wall |
| 9:18 | Build | Palisade Wall |
| 9:21 | Build | House |
| 9:25 | Build | Palisade Wall |
| 10:27 | Create | Villager (Male) |
| 10:27 | Create | Villager (Male) |
| 10:27 | Create | Villager (Male) |
| 11:55 | Create | Villager (Male) |
| 11:55 | Create | Villager (Male) |
| 12:52 | Create | Villager (Male) |
| 12:52 | Create | Villager (Male) |
| 13:28 | Create | Villager (Male) |
| 13:29 | Create | Villager (Male) |
| 13:29 | Create | Villager (Male) |
| 13:48 | Build | Mill |
| 14:23 | Create | Villager (Male) |
| 14:24 | Create | Villager (Male) |
| 14:44 | Create | Villager (Male) |
| 14:45 | Create | Villager (Male) |
| 16:20 | Create | Villager (Male) |
| 16:20 | Create | Villager (Male) |
| 16:20 | Create | Villager (Male) |
| 16:21 | Create | Villager (Male) |
| 17:23 | Build | Lumber Camp |
| 17:39 | Create | Villager (Male) |
| 17:39 | Create | Villager (Male) |
| 17:39 | Create | Villager (Male) |
| 18:40 | Create | Villager (Male) |
| 18:41 | Create | Villager (Male) |
| 18:41 | Create | Villager (Male) |
| 18:41 | Create | Villager (Male) |
| 18:42 | Create | Villager (Male) |
| 18:42 | Create | Villager (Male) |
| 18:59 | Build | House |
| 19:43 | Create | Villager (Male) |
| 19:43 | Create | Villager (Male) |
| 19:43 | Create | Villager (Male) |
| 19:44 | Create | Villager (Male) |
| 19:59 | Build | House |
| 20:05 | Build | Farm |
| 20:15 | Build | Mill |
| 20:18 | Create | Villager (Male) |
| 20:18 | Create | Villager (Male) |
| 20:18 | Create | Villager (Male) |
| 21:31 | Build | Farm |
| 21:38 | Build | Farm |
| 21:49 | Create | Villager (Male) |
| 21:50 | Create | Villager (Male) |
| 22:03 | Build | Farm |
| 22:10 | Create | Villager (Male) |
| 22:10 | Create | Villager (Male) |
| 22:10 | Create | Villager (Male) |
| 23:05 | Create | Villager (Male) |
| 23:06 | Create | Villager (Male) |
| 23:09 | Build | House |
| 23:21 | Build | Farm |
| 23:23 | Build | Farm |
| 23:27 | Research | Loom |
| 23:27 | Research | Feudal Age |
| 24:04 | Build | Mining Camp |
| 24:20 | Build | Farm |
| 24:33 | Build | Barracks |
| 24:58 | Build | House |
| 25:34 | Build | Mining Camp |
| 25:50 | Create | Villager (Male) |
| 25:51 | Create | Villager (Male) |
| 28:14 | Age | Feudal Age |
| 28:18 | Build | Blacksmith |
| 28:25 | Build | Stable |
| 28:31 | Build | Palisade Wall |
| 29:03 | Research | Double-Bit Axe |
| 29:04 | Research | Horse Collar |
| 29:47 | Build | Outpost |
| 29:53 | Build | House |
| 29:59 | Research | Castle Age |
| 30:28 | Create | Villager (Male) |
| 30:29 | Create | Villager (Male) |
| 30:34 | Build | Farm |
| 30:40 | Research | Forging |
| 30:42 | Research | Bloodlines |
| 30:45 | Build | Farm |
| 30:50 | Build | Farm |
| 30:54 | Build | Farm |
| 32:04 | Build | Lumber Camp |
| 32:07 | Research | Scale Barding Armor |
| 32:39 | Age | Castle Age |
| 32:45 | Build | Siege Workshop |
| 33:02 | Build | Town Center |
| 33:08 | Create | Steppe Lancer |
| 33:08 | Create | Steppe Lancer |
| 33:09 | Create | Steppe Lancer |
| 33:13 | Create | Villager (Male) |
| 33:13 | Create | Villager (Male) |
| 33:13 | Create | Villager (Male) |
| 33:37 | Create | Mangonel |
| 33:37 | Create | Mangonel |
| 33:41 | Create | Villager (Male) |
| 33:42 | Create | Villager (Male) |
| 33:42 | Create | Villager (Male) |
| 34:07 | Build | House |
| 34:09 | Build | House |
| 34:10 | Build | House |
| 34:20 | Create | Mangonel |
| 34:28 | Build | Farm |
| 34:34 | Create | Villager (Male) |
| 34:37 | Build | Farm |
| 34:37 | Build | Farm |
| 35:01 | Build | Farm |
| 35:22 | Build | Farm |
| 35:28 | Research | Bow Saw |
| 35:46 | Create | Villager (Male) |
| 35:46 | Create | Villager (Male) |
| 35:46 | Create | Villager (Male) |
| 35:47 | Create | Villager (Male) |
| 35:52 | Build | Farm |
| 35:56 | Build | Farm |
| 36:08 | Build | Farm |
| 36:32 | Create | Villager (Male) |
| 36:32 | Create | Villager (Male) |
| 36:40 | Build | Lumber Camp |
| 36:46 | Create | Villager (Male) |
| 36:47 | Create | Villager (Male) |
| 37:55 | Build | Town Center |
| 38:01 | Research | Wheelbarrow |
| 38:05 | Create | Scorpion |
| 38:06 | Create | Scorpion |
| 38:11 | Create | Villager (Male) |
| 39:12 | Create | Scorpion |
| 39:12 | Create | Scorpion |
| 39:19 | Build | University |
| 39:22 | Create | Villager (Male) |
| 39:24 | Create | Villager (Male) |
| 39:25 | Create | Villager (Male) |
| 39:35 | Create | Scorpion |
| 39:35 | Create | Scorpion |
| 39:42 | Create | Villager (Male) |
| 39:42 | Create | Villager (Male) |
| 39:50 | Build | Mining Camp |
| 39:55 | Build | Farm |
| 39:57 | Create | Villager (Male) |
| 39:58 | Create | Villager (Male) |
Match timeline
| 0:14 | Hauhk91 · wall_segment Palisade Wall x12 |
| 3:13 | 爱打游戏的御坂美琴 · wall_segment Palisade Wall x10 |
| 4:03 | 爱打游戏的御坂美琴 · wall_segment Palisade Wall x1 |
| 4:58 | 爱打游戏的御坂美琴 · wall_segment Palisade Wall x7 |
| 5:06 | Caesar · wall_segment Palisade Wall x12 |
| 8:07 | Hauhk91 · wall_segment Palisade Wall x8 |
| 9:18 | Hauhk91 · wall_segment Palisade Wall x3 |
| 9:25 | Hauhk91 · wall_segment Palisade Wall x1 |
| 9:48 | 杨梓激二蚕蛹 · first_building Barracks |
| 10:20 | JoelReagan · wall_segment Palisade Wall x10 |
| 11:22 | 只会种田别打我 · age_up feudal |
| 12:02 | 别炸我600分的兄弟了。 · wall_segment Palisade Wall x26 |
| 12:20 | Caesar · wall_segment Palisade Wall x17 |
| 13:04 | JoelReagan · wall_segment Palisade Wall x1 |
| 14:05 | Caesar · wall_segment Palisade Wall x16 |
| 14:20 | JoelReagan · age_up feudal |
| 15:05 | 别炸我600分的兄弟了。 · age_up feudal |
| 15:29 | 只会种田别打我 · age_up castle |
| 15:56 | JoelReagan · wall_segment Stone Wall x10 |
| 16:21 | Caesar · wall_segment Palisade Wall x1 |
| 16:28 | Caesar · wall_segment Palisade Wall x1 |
| 16:49 | 只会种田别打我 · first_building Monastery |
| 17:40 | 别炸我600分的兄弟了。 · first_market_buy 100 wood |
| 17:42 | 别炸我600分的兄弟了。 · first_market_sell 100 food |
| 18:04 | 杨梓激二蚕蛹 · age_up feudal |
| 18:12 | Caesar · age_up feudal |
| 18:23 | Caesar · wall_segment Stone Wall x11 |
| 18:37 | DJoseLuis96 · first_market_sell 100 stone |
| 18:45 | 爱打游戏的御坂美琴 · first_building Barracks |
| 19:00 | 别炸我600分的兄弟了。 · age_up castle |
| 19:06 | Caesar · first_building Barracks |
| 19:22 | 爱打游戏的御坂美琴 · age_up feudal |
| 20:13 | DJoseLuis96 · first_building Castle |
| 20:22 | 爱打游戏的御坂美琴 · first_building Stable |
| 23:26 | JoelReagan · age_up castle |
| 24:33 | Hauhk91 · first_building Barracks |
| 24:55 | DJoseLuis96 · first_building Siege Workshop |
| 25:40 | JoelReagan · first_building Castle |
| 26:12 | DJoseLuis96 · first_building Barracks |
| 26:34 | JoelReagan · first_building Monastery |
| 27:55 | 爱打游戏的御坂美琴 · age_up castle |
| 28:14 | Hauhk91 · age_up feudal |
| 28:25 | Hauhk91 · first_building Stable |
| 28:31 | Hauhk91 · wall_segment Palisade Wall x1 |
| 28:38 | Caesar · wall_segment Stone Wall x16 |
| 28:43 | 别炸我600分的兄弟了。 · first_building Castle |
| 29:05 | 杨梓激二蚕蛹 · age_up castle |
| 29:29 | 杨梓激二蚕蛹 · first_building Monastery |
| 29:35 | 别炸我600分的兄弟了。 · wall_segment Stone Wall x23 |
| 30:15 | DJoseLuis96 · first_building Monastery |
| 30:27 | Caesar · first_building Archery Range |
| 30:28 | 只会种田别打我 · first_building Castle |
| 30:41 | 杨梓激二蚕蛹 · first_building Archery Range |
| 30:52 | 杨梓激二蚕蛹 · first_building Castle |
| 31:17 | DJoseLuis96 · first_building Stable |
| 31:48 | 爱打游戏的御坂美琴 · first_building Siege Workshop |
| 32:15 | 只会种田别打我 · first_building Barracks |
| 32:36 | Caesar · wall_segment Stone Wall x20 |
| 32:39 | Hauhk91 · age_up castle |
| 32:44 | JoelReagan · age_up imperial |
| 32:45 | Hauhk91 · first_building Siege Workshop |
| 33:01 | 只会种田别打我 · first_building Stable |
| 33:09 | DJoseLuis96 · first_building Archery Range |
| 33:51 | 只会种田别打我 · age_up imperial |
| 34:16 | 别炸我600分的兄弟了。 · age_up imperial |
| 34:56 | DJoseLuis96 · first_market_buy 100 wood |
| 35:36 | 别炸我600分的兄弟了。 · first_building Siege Workshop |
| 35:40 | Caesar · age_up castle |
| 36:09 | 杨梓激二蚕蛹 · first_market_buy 100 wood |
| 36:25 | Caesar · wall_segment Stone Wall x1 |
| 36:28 | JoelReagan · first_building Barracks |
| 36:51 | 杨梓激二蚕蛹 · age_up imperial |
| 37:14 | Caesar · first_building Castle |
| 37:45 | JoelReagan · first_building Archery Range |
| 37:55 | 爱打游戏的御坂美琴 · first_building Castle |
| 40:29 | Hauhk91 · wall_segment Stone Wall x4 |
| 41:30 | Hauhk91 · first_building Castle |
| 42:46 | 只会种田别打我 · first_building Siege Workshop |
| 43:46 | Caesar · first_building Siege Workshop |
| 44:03 | 爱打游戏的御坂美琴 · age_up imperial |
| 44:06 | Hauhk91 · wall_segment Stone Wall x1 |
| 45:40 | Hauhk91 · age_up imperial |
| 48:25 | JoelReagan · first_building Siege Workshop |
| 48:27 | Caesar · age_up imperial |
| 49:52 | Caesar · wall_segment Stone Wall x22 |
| 50:48 | Hauhk91 · first_market_buy 100 food |
| 55:30 | DJoseLuis96 · resign |
[ AI ANALYSIS · 1 CREDIT ]
What really happened in this match?
Wolo.gg analyzes every decision: build order, eco, micro, common mistakes by bracket. Personalized analysis on WhatsApp or Discord in 30 seconds.
Civ guide
Lithuanians
Map guide
Black Forest
Perfil
Jugador #24644191